 Dungeon Crawl Stone Soup version 0.26-a0-540-g8a0c9464d7 (webtiles) character file.

Game seed: 7513375398634157935

12 vurker the Sneak (level 2, 0/24 HPs)
             Began as a Formicid Delver on Aug 24, 2020.
             Succumbed to an adder's poison
             ... on level 3 of the Dungeon.
             The game lasted 00:01:06 (528 turns).

vurker the Sneak (Formicid Delver)                   Turns: 528, Time: 00:01:07

Health: 0/24       AC:  3    Str: 16    XL:     2   Next: 45%
Magic:  2/2        EV: 12    Int:  9    God:
Gold:   0          SH:  0    Dex: 12    Spells: 1/1 levels left

rFire    . . .     SeeInvis +   a - +0 hand axe
rCold    . . .     Faith    .   (no shield)
rNeg     . . .     Spirit   .   b - +0 leather armour
rPois    .         Reflect  .   (helmet unavailable)
rElec    .         Harm     .   (no cloak)
rCorr    .                      (no gloves)
MR       .....                  (no boots)
Stlth    +++.......             (no amulet)
HPRegen  0.08/turn              (no ring)
MPRegen  0.08/turn              (no ring)

@: lethally poisoned (0 -> -7)
A: permanent stasis, dig shafts and tunnels, four strong arms, antennae 3
a: Dig, Shaft Self


You were on level 3 of the Dungeon.
You visited 1 branch of the dungeon, and saw 3 of its levels.

Inventory:

Hand Weapons
 a - a +0 hand axe (weapon)
Armour
 b - a +0 leather armour (worn)
Wands
 v - a wand of digging (3)
Scrolls
 c - a scroll of fog
 d - a scroll of magic mapping
 e - 4 scrolls of fear


   Skills:
 + Level 3.5 Fighting
 * Level 2.6 Axes
 - Level 1.7 Dodging
 - Level 6.0 Stealth


You had one spell level left.
You didn't know any spells.
Your spell library was empty.

Dungeon Overview and Level Annotations

Branches:
Dungeon (5/15)
 Temple: D:4-7

Altars:
Dithmenos


Innate Abilities, Weirdness & Mutations

You cannot be hasted, slowed, berserked, paralysed or teleported.
You can dig through walls and to a lower floor.
Your four strong arms can wield two-handed weapons with a shield.
You have a pair of large antennae on your head. (SInv)


Message History

You extend your mandibles.
You dig through the rock wall.
Found 9 gold pieces.
You dig through the rock wall.
You dig through the rock wall.
You dig through the rock wall.
You dig through the rock wall.
You dig through the rock wall.
You retract your mandibles.
A goblin is nearby!
The goblin throws a stone.
The stone hits you but does no damage.
The goblin throws a stone.
The stone hits you but does no damage.
No target in view!
The goblin shouts!
The adder hisses angrily.
The goblin throws a stone.
The stone closely misses you.
You see here 2 stones.
The goblin throws a stone.
The stone misses you.
You hit the adder but do no damage. The adder bites you.
You hit the adder. The adder bites you.
You are poisoned.
The adder poisons you! The adder bites you but does no damage.
You barely miss the adder.
You feel sick. The adder bites you but does no damage.
You miss the adder. The adder misses you. The adder closely misses you.
You closely miss the adder.
You feel sick. The adder bites you.
* * * LOW HITPOINT WARNING * * *
You hit the adder. The adder bites you.
* * * LOW HITPOINT WARNING * * *
You are lethally poisoned!
The adder poisons you! The adder barely misses you.
You hit the adder.
You kill the adder!
You have reached level 2!
* * * LOW HITPOINT WARNING * * *
You feel sick.
It was a potion of cancellation.
You feel magically purged.
* * * LOW HITPOINT WARNING * * *
You feel sick. The goblin closely misses you.
You barely miss the goblin.
* * * LOW HITPOINT WARNING * * *
You feel sick. The goblin completely misses you.
You closely miss the goblin. The goblin hits you.
* * * LOW HITPOINT WARNING * * *
The goblin barely misses you.
You closely miss the goblin.
* * * LOW HITPOINT WARNING * * *
You feel sick. The goblin closely misses you.
You hit the goblin.
You kill the goblin!
You die...

....... ###............>##
.......##................#
..........#............!.#
.....####.#S.............#
.........#...............#
#
....(..(#####.({รท......#
...$...#.## ##..>.....##
.......##(# #..........#
########@## #...[......#
### #..........#
#.........># #.)........#
##........## ##......##
########


There were no monsters in sight!

Vanquished Creatures
  An adder (D:3)
  A ball python (D:3)
  A kobold (D:3)
  A goblin (D:3)
4 creatures vanquished.

Notes
Turn   | Place    | Note
-------+----------+-------------------------------------------
     0 | D:5      | vurker the Formicid Delver began the quest for the Orb.
     0 | D:5      | Reached XP level 1. HP: 18/18 MP: 1/1
   242 | D:4      | Found a shadowy altar of Dithmenos.
   523 | D:3      | Reached XP level 2. HP: 7/24 MP: 2/2
   527 | D:3      | HP: 1/24 [poisoned by an adder]
   528 | D:3      | Succumbed to an adder's poison

Illustrated notes

Levels and vault maps discovered:
D:3:      layout_rooms, uniq_natasha
D:4:      layout_basic, lemuel_crystal_altar, minmay_misc_feat_alley,
          chequers_serial_rivers_micro_d, makhleb_altar_promises_db
D:5:      layout_rooms, grunt_temple_overflow_open, basic_altar, serial_shops,
          shop, hangedman_decor_points

Action                   || total
-------------------------++-------
Melee: Hand axe          ||    23
 Abil: Dig               ||     1
  Use: Potion            ||     1
Armor: Leather armour    ||     5
Dodge: Dodged            ||    16

Table legend: (Time is in decaauts)
 A = Elapsed time spent in this place.
 B = Non-inter-level travel time spent in this place.
 C = Inter-level travel time spent in this place.
 D = Time resting spent in this place.
 E = Time spent auto-exploring this place.
 F = Levels seen in this place.
 G = Mean time per level.
                   A        B        C        D        E       F      G
               +--------+--------+--------+--------+--------+-----+--------+
         Total |    535 |    525 |     10 |    363 |     31 |   3 |  178.3 |
       Dungeon |    535 |    525 |     10 |    363 |     31 |   3 |  178.3 |
               +--------+--------+--------+--------+--------+-----+--------+

Top non-repeatable levels by time:
     D:3: 340 daAuts
     D:4: 192 daAuts
     D:5: 3 daAuts
